 Dungeon Crawl Stone Soup version 0.28-a0-1435-g82390b3a13 (webtiles) character file.

Game seed: 16249386372796709036

66588 backslashecho the Severer (level 14, -5/118 HPs)
             Began as a Minotaur Cinder Acolyte on Jan 9, 2022.
             Was a High Priest of Ignis.
             Slain by a sun demon (7 damage)
             ... summoned by an orc high priest
             ... on level 2 of the Orcish Mines.
             The game lasted 01:06:00 (36843 turns).

backslashecho the Severer (MiCA)                   Turns: 36843, Time: 01:06:01

Health: -5/118     AC:  4    Str: 24    XL:     14   Next: 79%
Magic:  14/14      EV:  8    Int: 11    God:    Ignis [*****.]
Gold:   2240       SH: 21    Dex: 12    Spells: 15/15 levels left

rFire   + . .      SeeInvis .   a - +3 broad axe (vamp)
rCold   . . .      Faith    .   L - +0 tower shield
rNeg    . . .      Spirit   .   D - +0 chain mail {Will+}
rPois   .          Reflect  +   (helmet restricted)
rElec   .          Harm     .   E - +0 cloak
rCorr   .          Rampage  .   (no gloves)
Will    +++..                   (no boots)
Stlth   ..........              h - amulet of reflection
HPRegen 0.29/turn               e - +6 ring of dexterity
MPRegen 0.14/turn               R - ring of willpower

@: corroded
A: horns 2, retaliatory headbutt
a: Renounce Religion, Fiery Armour, Foxfire Swarm, Rising Flame


You were on level 2 of the Orcish Mines.
You worshipped Ignis.
Ignis was extremely pleased with you.
You visited 4 branches of the dungeon, and saw 20 of its levels.
You also visited: Sewer.

You collected 2721 gold pieces.
You spent 481 gold pieces at shops.

Inventory:

Hand Weapons
 a - a +3 vampiric broad axe (weapon)
 b - a +0 hand axe of flaming
Missiles
 j - 71 poisoned darts (quivered)
 y - a curare-tipped dart
 B - 14 javelins
Armour
 c - a +2 plate armour of fire resistance
 D - a +0 chain mail of willpower (worn)
 E - a +0 cloak (worn)
 L - a +0 tower shield (worn)
Jewellery
 e - a +6 ring of dexterity (left hand)
 h - an amulet of reflection (around neck)
 s - a ring of fire
 K - a ring of ice
 M - a +6 ring of dexterity
 R - a ring of willpower (right hand)
Wands
 k - a wand of flame (44)
 o - a wand of polymorph (7)
 H - a wand of mindburst (1)
 J - a wand of acid (12)
 W - a wand of iceblast (19)
Scrolls
 i - 9 scrolls of teleportation
 r - 14 scrolls of identify
 w - 4 scrolls of magic mapping
 C - 3 scrolls of silence
 F - 2 scrolls of fog
 O - 3 scrolls of vulnerability
 Q - 2 scrolls of fear
Potions
 d - a potion of resistance
 f - 3 potions of mutation
 g - a potion of haste
 l - 3 potions of curing
 m - 2 potions of brilliance
 n - 2 potions of magic
 p - 4 potions of lignification
 q - a potion of heal wounds
 u - 3 potions of cancellation
 v - 3 potions of flight
 z - a potion of invisibility
 A - 2 potions of might
 G - 2 potions of ambrosia
Miscellaneous
 x - a condenser vane
 I - a phantom mirror
 N - a phial of floods


   Skills:
 - Level 9.0 Fighting
 - Level 18.0 Axes
 - Level 6.0 Throwing
 + Level 17.1 Armour
 - Level 5.0 Dodging
 * Level 10.7 Shields
 - Level 1.0 Spellcasting
 - Level 2.1 Fire Magic
 - Level 9.0 Evocations


You had 15 spell levels left.
You didn't know any spells.
Your spell library contained the following spells:

 Spells                   Type           Power      Damage    Failure   Level
 Scorch                   Fire           10%        2d6       99%         2
 Animate Skeleton         Necr           0%         N/A       100%        1
 Apportation              Tloc           0%         N/A       100%        1
 Summon Small Mammal      Summ           0%         N/A       100%        1
 Ozocubu's Armour         Ice            0%         N/A       100%        3
 Leda's Liquefaction      Hex/Erth       0%         N/A       100%        4
 Lee's Rapid Deconstruct  Erth           0%         3d5*      100%        5
 Metabolic Englaciation   Hex/Ice        0%         N/A       100%        5
 Simulacrum               Ice/Necr       0%         N/A       100%        6
 Statue Form              Tmut/Erth      0%         N/A       100%        6


Dungeon Overview and Level Annotations

Branches:
Dungeon (11/15)            Temple (1/1) D:7            Lair (6/6) D:11
 Spider (0/4) Lair:2          Orc (2/2) D:9             Elf (0/3) Orc:2
  Sewer (visited)
  Swamp: Lair:2-4    Shoals: Lair:2-4     Snake: Lair:2-4     Slime: Lair:5-6

Altars:
Ashenzari
Cheibriados
Dithmenos
Elyvilon
Fedhas
Gozag
Hepliaklqana
Kikubaaqudgha
Makhleb
Nemelex Xobeh
Okawaru
Qazlal
Ru
Sif Muna
Trog
Uskayaw
Vehumet
Wu Jian
Xom
Yredelemnul
Zin
The Shining One

Shops:
D:8 !   Orc:1 *

Annotations:
D:8 !2h Ogre
Lair:4 3 runed translucent doors, exclusion: door, Cessyug's ghost, journeyman DrIE
Lair:6 2 transporters, exclusion: oklob plant, Foxy's ghost, journeyman SpAE


Innate Abilities, Weirdness & Mutations

You have a pair of horns on your head.
You reflexively headbutt those who attack you in melee.


Message History

a +0 dagger; a +0 robe You take 10 damage, and have 44/118 hp.
You block the hellwing's attack.
The hellwing hits you but does no damage.
Things that are here:
a +0 dagger; an orc corpse The hellwing swoops through the air toward you!
You block the hellwing's attack. x2
You block the hellwing's attack. x2
You block the hellwing's attack. x2
Unknown command.
Unknown command.
Unknown command.
The orc high priest prays to Beogh.
The hellwing swoops through the air toward you!
The hellwing hits you. You block the hellwing's attack.
The orc high priest calls upon Beogh to heal the orc high priest.
The orc high priest's wounds heal themselves!
Things that are here:
a +0 chain mail; a +0 glaive You take 2 damage, and have 44/118 hp.
You hit the hellwing but do no damage. You block the hellwing's attack.
The hellwing hits you.
The orc high priest starts to sing a prayer.
You take 3 damage, and have 41/118 hp.
You block the hellwing's attack. x2
Items here: ))) [[[ †.
You block the hellwing's attack. The hellwing hits you.
The soul eater draws from the surrounding life force!
* * * LOW HITPOINT WARNING * * *
Items here: )) [[ †.
You take 7 damage, and have 34/118 hp.
The hellwing hits you.
* * * LOW HITPOINT WARNING * * *
You block the hellwing's attack.
The orc high priest prays to Beogh.
The sun demon hits you!!
* * * LOW HITPOINT WARNING * * *
You are engulfed in flames!
You resist.
You die...

#...#.[....# #.......
#..........# #.......
#..........# #.......
##.........# #.).o...
#...#......############ooo..
##.....[.......3..#4o.).....
#............[....o.o)).....
#..........[4)o4.oo)........
#.......#..@33.[...#........
##........).[.....##.....##.
#...........).##.####....# #
##............≈≈≈≈≈≈≈≈≈...#
##...[...#...≈#######≈..##
#....)..##...≈# #≈..#
##.<[...#.##..≈# ...#
#...........#.≈# ..##
##)...........≈#


You could see a soul eater (summoned), 2 orc high priests, a sun demon
(summoned), a hellwing (summoned), a rust devil (summoned), a ynoxinul
(summoned), an orc warrior and an orc.

Vanquished Creatures
  An orc warlord (Orc:1)
  An ettin (Orc:2)
  A boulder beetle (D:11)
  6 hydras
  An ogre mage (Orc:1)
  A centaur warrior (D:11)
  6 death yaks
  5 two-headed ogres
  2 orc high priests (Orc:1)
  Sonja (Orc:2)
  Nergalle (Lair:3)
  4 orc knights
  Pikel (D:4)
  2 cyclopes
  3 orc sorcerers
  5 centaur zombies
  Joseph (D:10)
  14 elephants
  8 black mambas
  11 cane toads
  A torpor snail (Lair:6)
  10 komodo dragons
  A rime drake (Lair:3)
  An unseen horror (D:11)
  3 trolls
  8 hornets
  6 polar bears
  17 blink frogs
  4 dream sheep
  3 meliai zombies
  14 spriggans
  54 yaks
  4 wyverns
  6 basilisks
  A water elemental (D:11)
  A redback (Lair:2)
  2 wargs
  A steam dragon (D:8)
  14 water moccasins
  An ice beast (D:6)
  3 sky beasts
  21 orc warriors
  7 black bears
  A black bear (shapeshifter) (D:10)
  4 ogres
  A necrophage (D:6)
  3 boggarts
  A lemure (D:4)
  A phantom (D:5)
  33 wolves
  4 centaurs
  6 bullfrogs
  5 kobold brigands
  A gnoll sergeant (D:10)
  5 scorpions
  3 killer bees (D:9)
  9 wights
  4 electric eels (D:11)
  A bullfrog zombie (D:6)
  5 jellies
  A centaur skeleton (D:7)
  6 hounds
  13 orc priests
  An iguana (D:6)
  A scorpion zombie (D:5)
  3 bullfrog skeletons
  Jessica (D:2)
  21 orc wizards
  7 hell rats (Lair:5)
  A hound zombie (D:5)
  3 howler monkey zombies
  7 gnolls
  14 adders
  8 river rats (Sewer)
  3 shadow imps
  3 white imps
  An adder skeleton (D:4)
  A worm (D:2)
  5 dart slugs
  51 orcs
  6 endoplasms
  A giant cockroach (D:6)
  4 hobgoblins
  5 quokkas
  8 ball pythons
  3 bats
  6 frilled lizards
  10 goblins
  29 kobolds
  11 rats
579 creatures vanquished.

Vanquished Creatures (others)
  An orc wizard (Orc:2)
  59 fungi
  67 plants
127 creatures vanquished.

Grand Total: 706 creatures vanquished

Notes
Turn   | Place    | Note
-------+----------+-------------------------------------------
     0 | D:1      | backslashecho the Minotaur Cinder Acolyte began the quest
                  | for the Orb.
     0 | D:1      | Reached XP level 1. HP: 19/19 MP: 1/1
   355 | D:1      | Reached skill level 4 in Axes
   418 | D:1      | Reached XP level 2. HP: 27/27 MP: 2/2
  1086 | D:2      | Reached XP level 3. HP: 33/33 MP: 3/3
  1181 | D:2      | Noticed Jessica
  1190 | D:2      | Killed Jessica
  1191 | D:2      | Reached skill level 5 in Axes
  1205 | D:2      | Identified the +2 robe of the Falcon {rF- Will++ Str+4}
  1312 | D:2      | Reached XP level 4. HP: 40/41 MP: 4/4
  2167 | D:3      | Found a burning altar of Makhleb.
  2175 | D:3      | Found an ancient bone altar of Kikubaaqudgha.
  2211 | D:3      | Found a faded altar of an unknown god.
  2801 | D:4      | Reached skill level 6 in Axes
  2801 | D:4      | Reached XP level 5. HP: 35/47 MP: 5/5
  2941 | D:4      | Reached skill level 5 in Fighting
  3038 | D:4      | Found a sacrificial altar of Ru.
  3042 | D:4      | Found a snail-covered altar of Cheibriados.
  3048 | D:4      | Found a glowing golden altar of the Shining One.
  3048 | D:4      | Found a stormy altar of Qazlal.
  3048 | D:4      | Found a radiant altar of Vehumet.
  3052 | D:4      | Found an iron altar of Okawaru.
  3053 | D:4      | Found a glowing silver altar of Zin.
  3556 | D:3      | Reached skill level 7 in Axes
  3614 | D:4      | Reached XP level 6. HP: 53/54 MP: 6/6
  3674 | D:3      | HP: 2/57 [poisoned by a scorpion]
  4638 | D:5      | Entered Level 5 of the Dungeon
  4640 | D:5      | Noticed Pikel
  4665 | D:4      | Killed Pikel
  4666 | D:4      | Reached skill level 9 in Axes
  4666 | D:4      | Reached XP level 7. HP: 21/66 MP: 7/7
  5277 | D:5      | Reached XP level 8. HP: 63/73 MP: 8/8
  5416 | D:5      | Reached skill level 10 in Axes
  6120 | D:5      | Reached skill level 11 in Axes
  6578 | D:6      | Found a glowing drain.
  6616 | Sewer    | Entered a sewer
  7146 | D:6      | Reached skill level 12 in Axes
  7146 | D:6      | Reached XP level 9. HP: 73/83 MP: 9/9
  7274 | D:6      | Reached skill level 1 in Armour
  7809 | D:7      | Reached skill level 13 in Axes
  8162 | D:7      | Found a staircase to the Ecumenical Temple.
  8173 | Temple   | Entered the Ecumenical Temple
  8668 | D:7      | Reached skill level 1 in Shields
  9084 | D:8      | Found a broken altar of Ashenzari.
  9556 | D:8      | Found Weall's Distillery.
  9566 | D:8      | Bought a potion of lignification for 39 gold pieces
  9566 | D:8      | Bought a potion of haste for 130 gold pieces
  9785 | D:8      | Reached XP level 10. HP: 67/91 MP: 10/10
 10311 | D:9      | Noticed a two-headed ogre
 10320 | D:9      | Reached skill level 14 in Axes
 10435 | D:9      | Reached skill level 5 in Armour
 10847 | D:9      | Found a staircase to the Orcish Mines.
 11688 | D:10     | Entered Level 10 of the Dungeon
 12013 | D:10     | Noticed a two-headed ogre
 12044 | D:10     | Killed a two-headed ogre
 12263 | D:10     | Reached skill level 15 in Axes
 13005 | D:10     | Noticed Joseph
 13017 | D:10     | Killed Joseph
 13639 | D:11     | Reached skill level 1 in Throwing
 13646 | D:11     | Noticed a boulder beetle
 13653 | D:11     | Reached skill level 16 in Axes
 13860 | D:11     | Killed a boulder beetle
 13861 | D:11     | Reached XP level 11. HP: 70/97 MP: 11/11
 14014 | D:11     | Found a staircase to the Lair.
 14043 | D:11     | Noticed a centaur warrior
 14070 | D:11     | Killed a centaur warrior
 14079 | D:11     | HP: 6/145 [centaur warrior zombie (5)]
 14468 | D:11     | Noticed a seven-headed hydra
 14481 | D:11     | Killed a one-headed hydra
 15346 | D:11     | Reached skill level 17 in Axes
 15900 | Lair:1   | Entered Level 1 of the Lair of Beasts
 17042 | Lair:1   | Reached skill level 5 in Throwing
 17393 | Lair:1   | Noticed an eight-headed hydra
 17411 | Lair:1   | Killed a two-headed hydra
 17940 | Lair:1   | Reached XP level 12. HP: 89/104 MP: 12/12
 18007 | Lair:1   | Reached skill level 18 in Axes
 18007 | Lair:1   | Reached skill level 10 in Armour
 18131 | Lair:2   | Reached skill level 1 in Dodging
 18535 | Lair:2   | Noticed a five-headed hydra
 18554 | Lair:2   | Killed a one-headed hydra
 18615 | Lair:2   | Noticed a five-headed hydra
 18628 | Lair:2   | Killed a one-headed hydra
 19246 | Lair:1   | Noticed a seven-headed hydra
 19257 | Lair:1   | Killed a three-headed hydra
 19258 | Lair:1   | Reached skill level 5 in Dodging
 19589 | Lair:2   | Reached skill level 1 in Evocations
 19930 | Lair:2   | Identified the +2 robe of Prudence {Rampage Fly Str+2}
 20140 | Lair:2   | Found a hole to the Spider Nest.
 20962 | Lair:3   | Noticed a seven-headed hydra
 20974 | Lair:3   | Killed a one-headed hydra
 21524 | Lair:3   | Noticed Nergalle
 21534 | Lair:3   | Killed Nergalle
 22057 | Lair:4   | Reached XP level 13. HP: 83/111 MP: 13/13
 22201 | Lair:4   | Reached skill level 5 in Evocations
 22482 | Lair:4   | Noticed Cessyug's ghost (journeyman DrIE)
 22522 | Lair:4   | Found a runed translucent gate.
 22522 | Lair:4   | Found a runed translucent gate.
 22522 | Lair:4   | Found a runed translucent gate.
 25686 | Lair:6   | Entered Level 6 of the Lair of Beasts
 26353 | Lair:6   | Reached skill level 15 in Armour
 28429 | Lair:6   | Noticed Foxy's ghost (journeyman SpAE)
 28530 | Lair:6   | Found a transporter.
 28579 | Lair:5   | Reached XP level 14. HP: 94/118 MP: 14/14
 29144 | Lair:6   | Paralysed by a hornet for 2 turns
 29482 | Lair:5   | Reached skill level 5 in Shields
 30114 | Lair:6   | Paralysed by a hornet for 3 turns
 30665 | Lair:6   | Found a transporter.
 31089 | Orc:1    | Entered Level 1 of the Orcish Mines
 33940 | Orc:1    | Found Qufuvynn's Mayhem Merchandise.
 34063 | Orc:1    | Bought a +2 vampiric broad axe for 312 gold pieces
 34348 | Orc:2    | Entered Level 2 of the Orcish Mines
 34612 | Orc:2    | Found a burning altar of Makhleb.
 34768 | Orc:2    | Found a staircase to the Elven Halls.
 35043 | Orc:2    | Noticed Sonja
 35637 | Orc:2    | Killed Sonja
 35664 | Orc:1    | Reached skill level 10 in Shields
 35703 | Orc:2    | Noticed an orc warlord
 35767 | Orc:1    | Killed an orc warlord
 36843 | Orc:2    | HP: 2/118 [sun demon[an orc high priest] (28)]
 36843 | Orc:2    | Slain by a sun demon

Illustrated notes

Levels and vault maps discovered:
D:1:      dpeg_arrival_line_fractal, layout_basic
D:2:      layout_basic, uniq_jessica
D:3:      layout_basic, mainiacjoe_overflow_large_starburst,
          shapermc_ecumenical_altar_venn, grunt_decor_junction
D:4:      layout_rooms, minitemple, minmay_misc_feat_secret_circle
D:5:      layout_loops_cross, uniq_pikel
D:6:      layout_loops_ring, cheibrodos_sewer_entry_drain
D:7:      layout_rooms, minmay_temple_entry_trees
D:8:      layout_gridville, cheibrodos_ashenzari_chains, serial_shops,
          nicolae_shop_stone
D:9:      layout_loops_ring, orc_0_dummy
D:10:     layout_loops_corners, uniq_joseph
D:11:     layout_basic, grunt_lair_entry_orc_guard_hut
Temple:   minmay_temple_forest_path
Lair:1:   layout_chaotic_city, grunt_megastairs_3, serial_bayou_shore_b,
          serial_bayou_shore_b
Lair:2:   layout_chaotic_city, spider_nest_entry_webs, wad_woods_river_01
Lair:3:   layout_roguey, lemuel_fruit_tree, uniq_nergalle
Lair:4:   layout_cellular_growth, minmay_shoals_entry_hut,
          gammafunk_ghost_split, grunt_megastairs_2
Lair:5:   layout_hall_layers
Lair:6:   minmay_lair_end_enchanted_forest, layout_regular_city,
          minmay_slime_entry_oklob_enclosed, gammafunk_ghost_arena
Orc:1:    layout_diamond_mine, minmay_shop_mayhem
Orc:2:    st_orc_congregation, layout_caves, basic_altar, minmay_orc_keep,
          uniq_sonja

Skill      XL: |  1  2  3  4  5  6  7  8  9 10 11 12 13 14 |
---------------+-------------------------------------------+-----
Axes           | 4 5 6 7 9 12 13 16 17 18 | 18.0
Fighting       | 4 5 7 9 |  9.0
Armour         | 4 8 9 13 15 17 | 17.1
Shields        | 4 10 | 10.7
Throwing       | 2 5 6 |  6.0
Dodging        | 5 |  5.0
Evocations     | 4 8 9 |  9.0
Spellcasting   | |  1.0
Fire Magic     | |  2.1

Action                   |  1- 3 |  4- 6 |  7- 9 | 10-12 | 13-15 || total
-------------------------+-------+-------+-------+-------+-------++-------
Melee: Hand axe          |    53 |   132 |   351 |   121 |       ||   657
       Headbutt          |     5 |    22 |    77 |   180 |   289 ||   573
       Punch             |       |     1 |     5 |       |       ||     6
       War axe           |       |       |       |   595 |   959 ||  1554
       Broad axe         |       |       |       |       |   181 ||   181
Throw: Dart              |       |     6 |     7 |    27 |    45 ||    85
       Javelin           |       |     4 |       |     7 |     1 ||    12
       Throwing net      |       |       |       |     1 |       ||     1
Evoke: Wand              |       |       |     1 |     5 |     3 ||     9
  Use: Potion            |       |     3 |       |     9 |       ||    12
       Scroll            |       |       |    12 |     9 |     2 ||    23
 Stab: Held in net/web   |       |       |       |     3 |       ||     3
       Invisible         |       |       |       |     1 |       ||     1
       Distracted        |       |       |       |       |     1 ||     1
Armor: Plate armour      |    31 |    96 |   188 |   244 |   320 ||   879
       Skin              |       |       |       |    50 |       ||    50
       Chain mail        |       |       |       |       |    41 ||    41
Dodge: Dodged            |    16 |    36 |    59 |   145 |   292 ||   548
Block: Buckler           |       |       |    13 |   233 |   399 ||   645
       Reflection        |       |       |       |     1 |     5 ||     6
       Tower shield      |       |       |       |       |   201 ||   201

Table legend: (Time is in decaauts)
 A = Elapsed time spent in this place.
 B = Non-inter-level travel time spent in this place.
 C = Inter-level travel time spent in this place.
 D = Time resting spent in this place.
 E = Time spent auto-exploring this place.
 F = Levels seen in this place.
 G = Mean time per level.
                   A        B        C        D        E       F      G
               +--------+--------+--------+--------+--------+-----+--------+
         Total |  36494 |  34671 |   1823 |  13831 |  14417 |  21 | 1737.8 |
       Dungeon |  17638 |  16528 |   1110 |   6172 |   7818 |  11 | 1603.5 |
        Temple |    484 |    460 |     24 |      0 |    448 |   1 |  484.0 |
          Lair |  14420 |  13861 |    559 |   5968 |   5467 |   6 | 2403.3 |
  Orcish Mines |   3578 |   3448 |    130 |   1680 |    616 |   2 | 1789.0 |
         Sewer |    373 |    373 |      0 |     10 |     68 |   1 |  373.0 |
               +--------+--------+--------+--------+--------+-----+--------+

Top non-repeatable levels by time:
  Lair:5: 3859 daAuts
     D:9: 3570 daAuts
  Lair:6: 3011 daAuts
   Orc:1: 2727 daAuts
    D:10: 2506 daAuts
  Lair:1: 2497 daAuts
    D:11: 2034 daAuts
  Lair:2: 1786 daAuts
  Lair:4: 1780 daAuts
     D:3: 1649 daAuts
     D:4: 1569 daAuts
  Lair:3: 1485 daAuts
     D:8: 1324 daAuts
     D:2: 1119 daAuts
     D:5: 1082 daAuts
